 Dungeon Crawl Stone Soup version 0.32-a0-859-gb0a091d592 (webtiles) character file.

Game seed: 15536625046277625925

326086 seawaffle the Slayer (level 20, -3/198 HPs)
             Began as a Minotaur Berserker on Mar 27, 2024.
             Was the Champion of Trog.
             Slain by a war gargoyle
             ... wielding a +3 great mace of holy wrath
             ... led by a peacekeeper
              (35 damage)
             ... on level 4 of the Vaults.
             The game lasted 02:05:39 (53371 turns).

seawaffle the Slayer (Minotaur Berserker)          Turns: 53371, Time: 02:05:39

Health: -3/198     AC: 36    Str: 38    XL:     20   Next: 75%
Magic:  1/19       EV: 10    Int:  4    God:    Trog [******]
Gold:   5383       SH: 15    Dex: 22    Spells: 19/19 levels left

rFire   . . .        O - +4 broad axe (flame)
rCold   + . .        J - +0 buckler of Pride {-Cast rN++ Will+ Regen+}
rNeg    + + .        F - +10 plate armour of Lugonu's Regard {rElec Dex+6}
rPois   +            Z - +0 hat of Xegub {rC+ Regen+ SInv}
rElec   +            r - +0 cloak of Lethargy {Rampage rCorr}
rCorr   +            U - +0 pair of gloves {infuse}
SInv    +            B - +1 pair of boots
Will    +++..        y - amulet of reflection Stlth
                     W - ring "Veiselytt" {Fly Str+6 Dex+3 SInv Stlth-}
HPRegen 2.13/turn    V - ring of the Madman {^Drain rPois Will+ Str+4}
MPRegen 0.16/turn

%: no spellcasting, reflection, rampage, infuse magic (1 MP)
@: flying
A: horns 2, retaliatory headbutt
}: 2/15 runes: barnacled, gossamer
a: Renounce Religion, Berserk, Trog's Hand, Brothers in Arms


You were on level 4 of the Vaults.
You worshipped Trog.
Trog was exalted by your worship.
You visited 7 branches of the dungeon, and saw 35 of its levels.
You visited 2 bazaars.
You also visited: Sewer, Bailey, Gauntlet and Ice Cave.

You collected 6142 gold pieces.
You spent 759 gold pieces at shops.

Inventory:

Hand Weapons
 O - a +4 broad axe of flaming (weapon)
Armour
 o - a scarf of resistance
 r - the +0 cloak of Lethargy (worn) {Rampage rCorr}
   (You bought it in a shop on level 5 of the Dungeon)

   rCorr:     It protects you from acid and corrosion.
   Rampage:   It bestows one free step when moving towards enemies.
 B - a +1 pair of boots (worn)
 F - the +10 plate armour of Lugonu's Regard (worn) {rElec Dex+6}
   (You found it in a bailey)

   Dex+6:     It affects your dexterity (+6).
   rElec:     It insulates you from electricity.
 J - the +0 buckler of Pride (worn) {-Cast rN++ Will+ Regen+}
   (You found it on level 10 of the Dungeon)

   rN++:      It greatly protects you from negative energy.
   Will+:     It increases your willpower.
   -Cast:     It prevents spellcasting.
   Regen+:    It increases your rate of health regeneration.
 U - a +0 pair of gloves of infusion (worn)
 Z - the +0 hat of Xegub (worn) {rC+ Regen+ SInv}
   (You found it on level 4 of the Spider Nest)

   rC+:       It protects you from cold.
   SInv:      It lets you see invisible.
   Regen+:    It increases your rate of health regeneration.
Jewellery
 x - a ring of protection from cold
 y - an amulet of reflection (around neck)
 I - the ring of Xyec {rPois rF+ Str+4}
   (You bought it in a shop in a bazaar)

   [ring of protection from fire]

   Str+4:     It affects your strength (+4).
   rF+:       It protects you from fire.
   rPois:     It protects you from poison.
 V - the ring of the Madman (right hand) {^Drain rPois Will+ Str+4}
   (You found it in a Gauntlet)

   [ring of willpower]

   Str+4:     It affects your strength (+4).
   rPois:     It protects you from poison.
   Will+:     It increases your willpower.
   ^Drain:    It drains your maximum health when unequipped.
 W - the ring "Veiselytt" (left hand) {Fly Str+6 Dex+3 SInv Stlth-}
   (You took it off a minotaur in a Gauntlet)

   [ring of strength]

   Str+6:     It affects your strength (+6).
   Dex+3:     It affects your dexterity (+3).
   SInv:      It lets you see invisible.
   Fly:       It grants you flight.
   Stlth-:    It makes you less stealthy.
Wands
 l - a wand of roots (26)
 m - a wand of digging (11)
 q - a wand of acid (37)
 u - a wand of mindburst (37)
 E - a wand of charming (11)
 P - a wand of polymorph (7)
Scrolls
 a - 4 scrolls of poison
 e - 4 scrolls of fear
 j - 18 scrolls of teleportation
 k - a scroll of torment
 n - 3 scrolls of silence
 s - 3 scrolls of brand weapon
 t - 4 scrolls of enchant armour
 C - 8 scrolls of blinking
 G - a scroll of enchant weapon
 H - 18 scrolls of identify
 K - 2 scrolls of butterflies
 L - 2 scrolls of vulnerability
 M - 4 scrolls of revelation
 R - 6 scrolls of immolation
 S - 2 scrolls of acquirement
 X - 3 scrolls of fog
Potions
 b - 4 potions of heal wounds
 c - 2 potions of berserk rage
 d - 6 potions of haste
 f - 5 potions of mutation
 h - 22 potions of curing
 i - 6 potions of lignification
 v - 2 potions of resistance
 w - 2 potions of invisibility
 z - 2 potions of cancellation
 A - 3 potions of might
 N - 8 potions of attraction
 Q - 5 potions of enlightenment
Miscellaneous
 g - a lightning rod (4/4)
 p - a sack of spiders
 D - a condenser vane
 T - a phial of floods
 Y - a phantom mirror


   Skills:
 + Level 21.3 Fighting
 - Level 19.7 Axes
 + Level 21.1 Armour
 - Level 2.8 Dodging
 + Level 21.0 Shields
 + Level 15.9 Evocations


You had 19 spell levels left.
You didn't know any spells.
Your spell library was empty.

Dungeon Overview and Level Annotations

Branches:
Dungeon (15/15)            Temple (0/1) D:7            Lair (5/5) D:10
 Shoals (4/4) Lair:3       Spider (4/4) Lair:3        Slime (0/5) Lair:4
    Orc (2/2) D:12            Elf (1/3) Orc:2        Vaults (4/5) D:13
  Crypt (0/3) Vaults:2     Depths (0/4) D:15          Sewer (visited)
 Bailey (visited)           IceCv (visited)         Gauntlet (visited)

Altars:
Ashenzari
Cheibriados
Dithmenos
Elyvilon
Fedhas
Kikubaaqudgha
Makhleb
Nemelex Xobeh
Ru
Trog
Uskayaw
Vehumet
Wu Jian
Xom
Yredelemnul
The Shining One
Beogh
Jiyva
Lugonu

Shops:
D:5 [*((   D:8 [   D:11 (   D:12 [   Orc:1 =:??*   Orc:2 *=(=   Elf:1 =
Shoals:2 !   Vaults:2 [

Portals:
Abyss: Lair:5

Annotations:
D:9 2 transporters, ezpacito's ghost, journeyman CoCK
Vaults:3 2 transporters, exclusion: orange crystal statue, Yhagabbo's ghost, adept DrCj; mitch45678's ghost, adept MDAl


Innate Abilities, Weirdness & Mutations

You have a pair of horns on your head.
You reflexively headbutt those who attack you in melee.


Message History

You slash the white ugly thing! You burn the white ugly thing.
You headbutt the white ugly thing!!
The white ugly thing is almost dead.
You slice the cyan ugly thing!! You burn the cyan ugly thing.
You carefully extract the barbed spikes from your body.
The white ugly thing barely misses you.
You slash the white ugly thing! You burn the white ugly thing.
You kill the white ugly thing!
Trog accepts your kill.
You slash the cyan ugly thing! You burn the cyan ugly thing.
You block the cyan ugly thing's attack.
You slash the cyan ugly thing! You burn the cyan ugly thing.
You kill the cyan ugly thing!
Trog accepts your kill.
You barely miss the war gargoyle.
The war gargoyle hits you with a +3 great mace of holy wrath!!!
You are too injured to fight recklessly!
You are too injured to fight recklessly!
You are too injured to fight recklessly!
You barely miss the war gargoyle. You block the war gargoyle's attack.
You barely miss the war gargoyle. You headbutt the war gargoyle!
The war gargoyle is moderately damaged.
The war gargoyle hits you but does no damage.
You hit the war gargoyle but do no damage.
Your headbutt misses the war gargoyle.
The war gargoyle is moderately damaged.
The war gargoyle launches metal splinters at you.
The spray of metal splinters hits you!!
* * * LOW HITPOINT WARNING * * *
You slice the war gargoyle!! You burn the war gargoyle.
You headbutt the war gargoyle, but do no damage.
The war gargoyle is severely damaged.
The war gargoyle hits you but does no damage.
You hit the war gargoyle. You burn the war gargoyle.
The war gargoyle is severely damaged.
The war gargoyle hits you with a +3 great mace of holy wrath!!!
* * * LOW HITPOINT WARNING * * *
You feel much better.
The war gargoyle hits you with a +3 great mace of holy wrath!!
You die...

...#......#########
...#......'.......#
...'......#.......#
####......#.......#
## ########.....^.#
.## #.......# ..##
#.......# #..##
######'### #...##
#@).# #....# #.9.#
#....# #...#
##...#### #...#
##..#..## .....
##.....# ......
##....# .......
##..## ###+###+#
####


You could see a war gargoyle (strong, catching breath).

Vanquished Creatures
  Nikola (Shoals:1)
  Arachne (Spider:1)
  Mlioglotl (Shoals:1)
  Jorgrun (Shoals:1)
  Asterion (Vaults:1)
  5 sphinxes
  Frances (Elf:1)
  The ghost of particleface the Warrior, an adept MDWn of Nemelex Xobeh (Shoals:3)
  A tengu reaver (Vaults:2)
  Donald (Shoals:4)
  4 deep elf sorcerers (Elf:1)
  7 vault wardens
  7 emperor scorpions
  A frost giant (D:15)
  4 ghost moths
  Louise (Spider:3)
  15 ironbound preservers
  2 broodmothers
  An orc warlord (Vaults:3)
  A very ugly thing (Vaults:3)
  A formless jellyfish (Vaults:4)
  15 ironbound thunderhulks
  Nessos (D:13)
  3 war gargoyles
  2 deep elf death magi (Elf:1)
  Azrael (Spider:3)
  A spark wasp (Spider:4)
  6 dire elephants
  A deep elf annihilator (Elf:1)
  2 eidola (Vaults:4)
  2 minotaurs
  2 deep elf high priests (Elf:1)
  5 merfolk impalers
  10 yaktaur captains
  5 entropy weavers
  Harold (Orc:1)
  9 vault guards
  7 great orbs of eyes
  3 hydras
  3 peacekeepers
  An alligator snapping turtle (Shoals:3)
  6 ironbound frosthearts
  Erica (D:10)
  An ogre mage (D:13)
  10 boulder beetles
  2 jorogumos
  3 merfolk avatars
  3 dancing weapons (Elf:1)
  A radroach (Spider:2)
  A merfolk aquamancer (Shoals:1)
  A centaur warrior (D:14)
  11 two-headed ogres
  14 satyrs (Shoals:4)
  3 death knights (D:13)
  12 death yaks
  An occultist (D:15)
  4 tengu warriors
  3 orc high priests
  12 demonic crawlers
  Urug (D:10)
  3 thrashing horrors (Lair:5)
  4 sun demons (Shoals:3)
  14 deep elf knights
  3 skysharks
  44 deep trolls
  3 pharaoh ants
  6 skeletal warriors (D:13)
  7 sea snakes
  5 orb spiders
  2 thermic dynamos (Elf:1)
  2 sun moths
  9 arcanists
  3 lindwurms (Vaults:1)
  A phantasmal warrior (Vaults:2)
  8 ironbound convokers
  7 deep elf archers (Elf:1)
  17 harpies
  4 necromancers
  8 steelbarb worms
  13 deep elf zephyrmancers (Elf:1)
  A harpy (shapeshifter) (Lair:5)
  6 orc sorcerers
  An obsidian bat (Orc:2)
  11 orc knights
  An oklob plant (Lair:5)
  8 deep elf pyromancers
  32 ugly things
  20 fauns
  20 wolf spiders
  A meliai (shapeshifter) (D:14)
  5 cyclopes
  25 elephants
  5 black mambas
  11 merfolk sirens
  12 manticores
  4 water nymphs
  6 large abominations
  3 meliai (Spider:4)
  A frost giant skeleton (Vaults:2)
  4 kobold blastminers (Orc:2)
  2 rust devils (Gauntlet)
  15 vault sentinels
  2 moths of wrath
  12 torpor snails
  A water nymph (shapeshifter) (Vaults:3)
  2 smoke demons (Lair:5)
  A gargoyle (D:12)
  A cane toad (shapeshifter) (Lair:5)
  2 unseen horrors
  7 rime drakes
  2 hellions (Elf:1)
  11 cane toads
  An efreet (D:15)
  10 komodo dragons
  26 yaktaurs
  A komodo dragon (shapeshifter) (Vaults:2)
  8 trolls
  4 polar bears
  A polar bear (shapeshifter) (D:13)
  3 wind drakes
  26 merfolk
  A raiju (Lair:5)
  6 snapping turtles
  3 dream sheep (Shoals:4)
  25 blink frogs
  22 tarantellas
  15 culicivoras
  A spriggan (Lair:5)
  2 shadows
  8 slime creatures (Vaults:1)
  2 wraiths
  24 jumping spiders
  6 water elementals
  A vampire (D:13)
  2 ynoxinuls (Gauntlet)
  19 yaks
  5 wyverns
  8 basilisks
  6 fire elementals
  2 wargs
  75 redbacks
  6 vampire mosquitoes (D:13)
  2 steam dragons (D:7)
  8 humans
  A chaos spawn (Lair:5)
  15 water moccasins
  A human zombie (Vaults:2)
  Duvessa (D:6)
  An acid dragon (D:11)
  3 hell hounds (Spider:2)
  21 orc warriors
  Pargi (D:4)
  A sky beast (D:6)
  3 ice beasts
  2 laughing skulls (D:13)
  31 wolves
  11 small abominations
  2 black bears (D:6)
  A crocodile (Sewer)
  6 ogres
  A human skeleton (Vaults:2)
  A tengu (shapeshifter) (Lair:5)
  2 phantoms (D:7)
  3 centaurs
  A brain worm (Sewer)
  6 kobold brigands
  5 scorpions
  12 bullfrogs
  A gnoll sergeant (D:9)
  6 wights
  The ghost of seawaffle the Chopper, a weakling MiBe of Trog (D:3)
  Dowan (D:6)
  9 killer bees
  3 lindwurm simulacra (IceCv)
  3 howler monkeys
  2 bombardier beetles
  3 jellies
  4 hounds
  4 komodo dragon simulacra (IceCv)
  A gnoll bouda (D:7)
  27 orc priests
  7 iron imps (Gauntlet)
  Jessica (D:2)
  4 iguanas
  51 orc wizards
  6 gnolls
  4 adders
  4 acid dragon simulacra (IceCv)
  2 white imps (D:7)
  2 ufetubi (D:5)
  A steam dragon simulacrum (IceCv)
  3 dart slugs
  6 ribbon worms
  63 orcs
  6 ball pythons
  8 bats
  5 endoplasms
  A giant cockroach (D:2)
  6 goblins
  7 hobgoblins
  3 jackals (D:4)
  2 quokkas (D:2)
  8 frilled lizards
  A kobold (shapeshifter) (Lair:5)
  26 kobolds
  8 rats
  2 spectral weapons (Vaults:1)
1389 creatures vanquished.

Vanquished Creatures (others)
  A phantasmal warrior (Vaults:3)
1 creature vanquished.

Grand Total: 1390 creatures vanquished

Notes
Turn   | Place    | Note
-------+----------+-------------------------------------------
     0 | D:1      | seawaffle the Minotaur Berserker began the quest for the
                  | Orb.
     0 | D:1      | Reached XP level 1. HP: 19/19 MP: 0/0
   234 | D:1      | Reached XP level 2. HP: 23/27 MP: 1/1
   740 | D:2      | Noticed Jessica
   743 | D:2      | Killed Jessica
   744 | D:2      | Reached XP level 3. HP: 27/33 MP: 2/2
   987 | D:2      | Identified the +3 leather armour "Biuvuky" {rElec}
  1159 | D:2      | Reached ** piety under Trog
  1211 | D:2      | Reached XP level 4. HP: 39/40 MP: 3/3
  1934 | D:3      | Reached skill level 1 in Shields
  1949 | D:3      | Reached skill level 5 in Axes
  2004 | D:3      | Found a runed translucent door.
  2004 | D:3      | Noticed seawaffle's ghost (weakling MiBe)
  2024 | D:3      | Reached XP level 5. HP: 47/47 MP: 4/4
  2159 | D:3      | Noticed a water moccasin
  2168 | D:3      | Killed a water moccasin
  2169 | D:3      | Reached skill level 5 in Fighting
  2169 | D:3      | Reached XP level 6. HP: 28/56 MP: 5/5
  2558 | D:3      | Found a snail-covered altar of Cheibriados.
  2905 | D:3      | Killed seawaffle's ghost
  2956 | D:4      | Noticed an ice beast
  2966 | D:4      | Killed an ice beast
  3050 | D:4      | Found a glowing drain.
  3063 | Sewer    | Entered a sewer
  3075 | Sewer    | Reached *** piety under Trog
  3094 | Sewer    | Reached XP level 7. HP: 34/61 MP: 1/6
  3317 | D:4      | Identified the +3 leather armour "Geyc Moa" {Regen+ Str+5}
  3466 | D:4      | Found a blossoming altar of Fedhas.
  3472 | D:4      | Found an ornate altar of the Wu Jian Council.
  3513 | D:4      | Noticed Pargi
  3524 | D:4      | Killed Pargi
  3601 | D:4      | Reached skill level 5 in Armour
  3767 | D:4      | Found a sparkling altar of Nemelex Xobeh.
  4173 | D:5      | Entered Level 5 of the Dungeon
  4392 | D:5      | Noticed a wyvern
  4403 | D:5      | Killed a wyvern
  4404 | D:5      | Reached XP level 8. HP: 29/71 MP: 7/7
  4790 | D:5      | Found Dyuzof's Antique Armour Shop.
  4810 | D:5      | Bought a twisted cloak for 180 gold pieces
  4810 | D:5      | Identified the +0 cloak of Lethargy {Rampage rCorr} (You
                  | bought it in a shop on level 5 of the Dungeon)
  4828 | D:5      | Found Leuhoc's Assorted Antiques.
  4830 | D:5      | Found Vuilieq's Antique Weapon Shop.
  4839 | D:5      | Found Putayxei's Antique Weapon Shop.
  4905 | D:5      | Reached skill level 5 in Shields
  5730 | D:6      | Noticed Dowan
  5731 | D:6      | Noticed Duvessa
  5737 | D:6      | Killed Duvessa
  5739 | D:6      | Killed Dowan
  6081 | D:6      | Found a sacrificial altar of Ru.
  6149 | D:6      | Reached XP level 9. HP: 79/79 MP: 8/8
  6197 | D:6      | Reached skill level 10 in Axes
  6407 | D:6      | Reached **** piety under Trog
  6469 | D:6      | Found a hide-covered altar of Uskayaw.
  7177 | D:7      | Found a broken altar of Ashenzari.
  7609 | D:7      | Found a staircase to the Ecumenical Temple.
  7714 | D:7      | Found a white marble altar of Elyvilon.
  7759 | D:8      | Reached XP level 10. HP: 90/90 MP: 9/9
  7787 | D:8      | Noticed a two-headed ogre
  7794 | D:8      | Killed a two-headed ogre
  8113 | D:8      | Found a burning altar of Makhleb.
  8177 | D:8      | Found Pecuje Rynk's Armour Emporium.
  8670 | D:5      | Bought a pair of glowing gloves for 150 gold pieces
  8815 | D:9      | Found a transporter.
  8896 | D:9      | Found a flagged portal.
  8908 | Bailey   | Entered a bailey
  8942 | Bailey   | Reached ***** piety under Trog
  9111 | Bailey   | Identified the +10 plate armour of Lugonu's Regard {rElec
                  | Dex+6}
  9182 | Bailey   | Noticed an orc knight
  9183 | Bailey   | Found a bloodstained altar of Trog.
  9191 | Bailey   | Killed an orc knight
  9233 | Bailey   | Identified the +0 shortbow of Cheibriados's Whim
                  | {antimagic, Str-5 Int+2 SInv}
  9239 | Bailey   | Identified a scroll of acquirement
  9262 | D:9      | Noticed a two-headed ogre
  9269 | D:9      | Killed a two-headed ogre
  9509 | D:9      | Noticed a two-headed ogre
  9510 | D:9      | Noticed a two-headed ogre
  9510 | D:9      | Noticed ezpacito's ghost (journeyman CoCK)
  9510 | D:9      | Noticed a two-headed ogre
  9512 | D:9      | Noticed a two-headed ogre
  9512 | D:9      | Identified the +9 dire flail "Nograh" {freeze, *Rage Dex+5}
  9512 | D:9      | Noticed a two-headed ogre
  9516 | D:9      | Found a transporter.
  9613 | D:9      | Found a basalt altar of Yredelemnul.
  9825 | D:9      | Found a shimmering altar of Xom.
 10130 | D:10     | Entered Level 10 of the Dungeon
 10138 | D:10     | Found a staircase to the Lair.
 10202 | D:10     | Noticed a two-headed ogre
 10204 | D:10     | Noticed a deep elf pyromancer
 10215 | D:10     | Killed a two-headed ogre
 10227 | D:10     | Killed a deep elf pyromancer
 10228 | D:10     | Reached XP level 11. HP: 79/99 MP: 10/10
 10411 | D:10     | Noticed a +3 demon blade
 10411 | D:10     | Noticed a deep elf knight
 10412 | D:10     | Noticed Urug
 10413 | D:10     | Noticed Erica
 10413 | D:10     | Noticed an arcanist
 10421 | D:10     | Killed a deep elf knight
 10422 | D:10     | Reached skill level 10 in Fighting
 10427 | D:10     | Killed an arcanist
 10431 | D:10     | Killed Urug
 10432 | D:10     | Killed Erica
 10771 | D:10     | Identified the +0 buckler of Pride {-Cast rN++ Will+
                  | Regen+}
 10881 | D:10     | Reached skill level 10 in Armour
 10945 | D:10     | Noticed a two-headed ogre
 10953 | D:10     | Killed a two-headed ogre
 11004 | D:10     | Found a radiant altar of Vehumet.
 11087 | D:10     | Found a bloodstained altar of Trog.
 11247 | D:10     | Found a glowing golden altar of the Shining One.
 11363 | Lair:1   | Entered Level 1 of the Lair of Beasts
 11495 | Lair:1   | Reached skill level 10 in Shields
 12254 | Lair:2   | Noticed an eight-headed hydra
 12259 | Lair:2   | Noticed a death yak
 12261 | Lair:2   | Reached skill level 15 in Axes
 12268 | Lair:2   | Killed a three-headed hydra
 12268 | Lair:2   | Noticed a death yak
 12269 | Lair:2   | Reached XP level 12. HP: 64/110 MP: 11/11
 12269 | Lair:2   | Noticed a death yak
 12269 | Lair:2   | Noticed a death yak
 12275 | Lair:2   | Killed a death yak
 12280 | Lair:2   | Killed a death yak
 12289 | Lair:1   | Killed a death yak
 12293 | Lair:1   | Killed a death yak
 12465 | Lair:2   | Noticed an eight-headed hydra
 12465 | Lair:2   | Noticed a death yak
 12465 | Lair:2   | Noticed a death yak
 12476 | Lair:2   | Killed a death yak
 12480 | Lair:2   | Killed an 18-headed hydra
 12480 | Lair:2   | HP: 4/168 [komodo dragon (15)]
 12481 | Lair:2   | Killed a death yak
 13584 | Lair:2   | Identified the +10 hand axe "Milakuth" {flame, Str+6 Dex-2
                  | Stlth+} (Trog gifted it to you on level 2 of the Lair of
                  | Beasts)
 13584 | Lair:2   | Received a gift from Trog
 13655 | Lair:3   | Reached XP level 13. HP: 119/119 MP: 12/12
 13656 | Lair:3   | Found a snail-covered altar of Cheibriados.
 14237 | Lair:3   | Found a staircase to the Shoals.
 14343 | Lair:3   | Found a hole to the Spider Nest.
 15137 | Lair:4   | Found a viscous altar of Jiyva.
 15137 | Lair:4   | Found a staircase to the Slime Pits.
 15758 | Lair:5   | Entered Level 5 of the Lair of Beasts
 15787 | Lair:5   | Found a frozen archway.
 15820 | IceCv    | Entered an ice cave
 15840 | IceCv    | Reached ****** piety under Trog
 15923 | IceCv    | Identified the +0 dagger of Cuawna {flame, Int+2}
 16075 | Lair:5   | Received a gift from Trog
 16165 | Lair:5   | Reached XP level 14. HP: 77/130 MP: 13/13
 16301 | Lair:5   | Found a gate leading to a gauntlet.
 16315 | Gauntlet | Entered a Gauntlet
 16315 | Gauntlet | Found a transporter.
 16315 | Gauntlet | Found a transporter.
 16315 | Gauntlet | Found a transporter.
 16326 | Gauntlet | Found a transporter.
 16328 | Gauntlet | Found a transporter.
 16339 | Gauntlet | Found a transporter.
 16339 | Gauntlet | Found a transporter.
 16343 | Gauntlet | Found a runed translucent door.
 16343 | Gauntlet | Found a runed translucent door.
 16347 | Gauntlet | Found a transporter.
 16365 | Gauntlet | Found a transporter.
 16370 | Gauntlet | Found a transporter.
 16373 | Gauntlet | Found a transporter.
 16375 | Gauntlet | Found a runed translucent gate.
 16375 | Gauntlet | Found a runed translucent gate.
 16376 | Gauntlet | Found a large runed translucent door.
 16376 | Gauntlet | Found a large runed translucent door.
 16377 | Gauntlet | Found a large runed translucent door.
 16378 | Gauntlet | Found a large runed translucent door.
 16379 | Gauntlet | Found a large runed translucent door.
 16379 | Gauntlet | Found a large runed translucent door.
 16379 | Gauntlet | Found a runed translucent door.
 16380 | Gauntlet | Found a large runed translucent door.
 16381 | Gauntlet | Found a large runed translucent door.
 16383 | Gauntlet | Found a transporter.
 16384 | Gauntlet | Found a runed translucent gate.
 16384 | Gauntlet | Found a runed translucent door.
 16422 | Gauntlet | Found a large runed translucent door.
 16422 | Gauntlet | Found a large runed translucent door.
 16423 | Gauntlet | Found a large runed translucent door.
 16424 | Gauntlet | Found a large runed translucent door.
 16425 | Gauntlet | Found a large runed translucent door.
 16425 | Gauntlet | Found a large runed translucent door.
 16426 | Gauntlet | Found a large runed translucent door.
 16427 | Gauntlet | Found a large runed translucent door.
 17019 | Gauntlet | Identified the ring of the Madman {^Drain rPois Will+
                  | Str+4}
 17043 | Gauntlet | Identified the ring "Veiselytt" {Fly Str+6 Dex+3 SInv
                  | Stlth-}
 17737 | Lair:5   | Received a gift from Trog
 17770 | Lair:5   | Found a corrupted altar of Lugonu.
 17770 | Lair:5   | Found a one-way gate to the infinite horrors of the Abyss.
 18874 | D:11     | Reached skill level 1 in Evocations
 19043 | D:11     | Found Juge Cugybu's Antique Weapon Boutique.
 19448 | D:12     | Found a staircase to the Orcish Mines.
 19448 | D:12     | Found Vuazaj's Armour Shoppe.
 20047 | D:12     | Identified the +8 long sword "Uloc" {flame, rPois Str+2
                  | Dex+2 Stlth+}
 20392 | D:13     | Reached XP level 15. HP: 139/139 MP: 0/14
 20496 | D:13     | Found a gate to the Vaults.
 20550 | D:13     | Reached skill level 15 in Fighting
 21270 | D:13     | Noticed Nessos
 21280 | D:13     | Reached skill level 15 in Armour
 21283 | D:13     | Reached skill level 5 in Evocations
 21291 | D:13     | Killed Nessos
 22027 | D:13     | HP: 7/141 [??? (3)]
 22042 | D:13     | HP: 7/141 [??? (2)]
 22067 | D:13     | HP: 7/141 [??? (3)]
 22072 | D:13     | HP: 7/141 [??? (3)]
 22077 | D:13     | HP: 7/141 [??? (2)]
 23382 | D:14     | Reached skill level 15 in Shields
 23560 | D:15     | Entered Level 15 of the Dungeon
 23639 | D:15     | Found a shadowy altar of Dithmenos.
 23834 | D:15     | Received a gift from Trog
 24126 | D:15     | Noticed a frost giant
 24128 | D:15     | Found a staircase to the Depths.
 24133 | D:15     | Killed a frost giant
 24441 | D:15     | Acquired 1304 gold pieces
 24614 | Orc:1    | Entered Level 1 of the Orcish Mines
 24676 | Orc:1    | You are sucked into a shaft and drop 1 floor!
 24676 | Orc:2    | Entered Level 2 of the Orcish Mines
 24708 | Orc:2    | Found a staircase to the Elven Halls.
 24736 | Orc:1    | Found Qys Ojut's Magic Scroll Shop.
 24736 | Orc:1    | Found Seneud's Book Shop.
 24746 | Orc:1    | Found Udar's General Store.
 24933 | Orc:1    | Found Umpeh's Jewellery Boutique.
 25020 | Orc:1    | Found Iprisip's Magic Scroll Boutique.
 25121 | Orc:1    | Noticed Harold
 25131 | Orc:1    | Killed Harold
 25733 | Orc:2    | Received a gift from Trog
 25936 | Orc:2    | Reached XP level 16. HP: 151/151 MP: 13/15
 25987 | Orc:2    | Found Seqopna's Jewellery Boutique.
 25987 | Orc:2    | Found Jyopyshu's Jewellery Shop.
 25988 | Orc:2    | Found Sugraorph's General Store.
 26031 | Orc:2    | Found Siczir's Weapon Boutique.
 26898 | D:5      | Bought a pair of embroidered boots for 142 gold pieces
 26898 | D:5      | Bought a pair of glowing boots for 142 gold pieces
 27097 | Elf:1    | Entered Level 1 of the Elven Halls
 27557 | Shoals:1 | Entered Level 1 of the Shoals
 27580 | Shoals:1 | Noticed Mlioglotl
 27587 | Shoals:1 | Killed Mlioglotl
 28156 | Shoals:1 | Noticed Jorgrun
 28168 | Shoals:1 | Killed Jorgrun
 28515 | Shoals:1 | Noticed Nikola
 28529 | Shoals:1 | Killed Nikola
 28865 | Shoals:2 | Found Seycuph's Distillery.
 30294 | Shoals:3 | Identified the +8 spear of the Dungeon {freeze, Str+3}
 30481 | Shoals:3 | Received a gift from Trog
 31002 | Shoals:3 | Identified the +1 robe of the Squeaky Gastropod {*Corrode
                  | Fly rPois Archmagi}
 31148 | Shoals:3 | Found a runed translucent door.
 31148 | Shoals:3 | Noticed particleface's ghost (adept MDWn)
 31414 | Shoals:3 | Killed particleface's ghost
 31507 | Shoals:4 | Entered Level 4 of the Shoals
 31517 | Shoals:4 | Reached skill level 10 in Evocations
 32194 | Shoals:4 | Noticed a sphinx
 32206 | Shoals:4 | Killed a sphinx
 32207 | Shoals:4 | Reached XP level 17. HP: 122/161 MP: 5/16
 32222 | Shoals:4 | Received a gift from Trog
 32430 | Shoals:4 | Noticed a sphinx
 32446 | Shoals:4 | Killed a sphinx
 32592 | Shoals:4 | Noticed a sphinx
 32604 | Shoals:4 | Killed a sphinx
 33230 | Shoals:4 | Noticed Donald
 33245 | Shoals:4 | Killed Donald
 33380 | Shoals:4 | Got a barnacled rune of Zot
 33663 | Spider:1 | Entered Level 1 of the Spider Nest
 33772 | Spider:1 | Received a gift from Trog
 35051 | Spider:2 | Noticed Arachne
 35087 | Spider:1 | Killed Arachne
 35276 | Spider:2 | Identified the +3 war axe of Aqyeseh {heavy, rPois} (Trog
                  | gifted it to you on level 2 of the Spider Nest)
 35276 | Spider:2 | Received a gift from Trog
 36808 | Spider:3 | Reached XP level 18. HP: 137/172 MP: 4/17
 37363 | Spider:3 | Noticed Azrael
 37655 | Spider:3 | Killed Azrael
 38248 | Spider:3 | Noticed Louise
 38261 | Spider:3 | Killed Louise
 38417 | Spider:4 | Entered Level 4 of the Spider Nest
 40020 | Spider:4 | Received a gift from Trog
 40872 | Spider:4 | Got a gossamer rune of Zot
 41343 | Spider:4 | Identified the +0 hat of Xegub {rC+ Regen+ SInv}
 42427 | Elf:1    | Received a gift from Trog
 42621 | Elf:1    | Noticed Frances
 42637 | Elf:1    | Killed Frances
 43519 | Elf:1    | Found the +6 arbalest "Damnation" {damnation}
 43524 | Elf:1    | Reached XP level 19. HP: 183/183 MP: 11/18
 43936 | Elf:1    | Found Utorulif's Jewellery Boutique.
 44160 | Elf:1    | Received a gift from Trog
 44392 | Elf:1    | Found a roughly hewn altar of Beogh.
 44428 | Elf:1    | Found a corrupted altar of Lugonu.
 44435 | Elf:1    | Identified the +9 glaive of Grontol {freeze, Str-3 Int+8}
 44603 | Vaults:1 | Entered Level 1 of the Vaults
 46079 | Vaults:1 | Noticed Asterion
 46089 | Vaults:1 | Killed Asterion
 47505 | Vaults:2 | Received a gift from Trog
 48073 | Vaults:2 | Found Mecze's Antique Armour Shoppe.
 48120 | Vaults:2 | Found a staircase to the Crypt.
 48120 | Vaults:2 | Found a basalt altar of Yredelemnul.
 48121 | Vaults:2 | Found an ancient bone altar of Kikubaaqudgha.
 49133 | Vaults:3 | Reached skill level 15 in Evocations
 49208 | Vaults:3 | Received a gift from Trog
 49575 | Vaults:3 | Found a transporter.
 49580 | Vaults:3 | Noticed Yhagabbo's ghost (adept DrCj)
 49583 | Vaults:3 | Noticed mitch45678's ghost (adept MDAl)
 49587 | Vaults:3 | Found a transporter.
 49631 | Vaults:3 | Reached XP level 20. HP: 195/195 MP: 13/19
 49665 | Vaults:3 | Identified the staff "Xella" {rPois Int+4 Dex-4 Alchemy}
 49884 | Vaults:3 | Found a flickering gateway to a bazaar.
 49894 | Bazaar   | Entered a bazaar
 50199 | Bazaar   | Found Ugukk's Armour Shop.
 50227 | Bazaar   | Found Uwkoh's Magic Scroll Shop.
 50241 | Bazaar   | Found Imufeom's Assorted Antiques.
 50255 | Bazaar   | Found Daom's Magic Scroll Shop.
 50281 | Bazaar   | Found Echel's Assorted Antiques.
 50351 | Bazaar   | Bought a smoking iron ring for 145 gold pieces
 50351 | Bazaar   | Identified the ring of Xyec {rPois rF+ Str+4} (You bought
                  | it in a shop in a bazaar)
 50443 | Vaults:3 | Identified the +4 ring mail "Odinloq" {rF+ Will+ Dex+5}
 50499 | Vaults:3 | Identified the +2 executioner's axe of Nice Victory {flame,
                  | rN+ Str+3} (Trog gifted it to you on level 3 of the Vaults)
 50499 | Vaults:3 | Received a gift from Trog
 50734 | Vaults:3 | Identified the +6 battleaxe "Newtbane" {flame, rPois Will-
                  | SInv}
 51631 | Vaults:4 | Received a gift from Trog
 51806 | Vaults:4 | Found a flickering gateway to a bazaar.
 51821 | Bazaar   | Entered a bazaar
 52030 | Bazaar   | Found Nuhirar's Jewellery Boutique.
 52053 | Bazaar   | Found Jezyubull's Antique Armour Emporium.
 52068 | Bazaar   | Found Fyptey's Book Boutique.
 52087 | Bazaar   | Found Woog's Antique Weapon Shoppe.
 52181 | Vaults:4 | Identified the +2 quarterstaff of Mastery {flame, +Blink
                  | rElec rF+}
 53370 | Vaults:4 | HP: 4/198 [war gargoyle/+3 great mace of holy wrath[a
                  | peacekeeper] (56)]
 53371 | Vaults:4 | Slain by a war gargoyle

Illustrated notes

Levels and vault maps discovered:
D:1:      sevenhm_arrival_forest_fort_small_3, layout_basic,
          serial_corexii_hall, chequers_hall_statues_wall_a,
          chequers_hall_statues_corner_a, corexii_hall_statues_s
D:2:      layout_loops_ring, minmay_close_crescents, uniq_jessica
D:3:      layout_rooms, overflow_temple_1_default, gammafunk_ghost_grave,
          minmay_misc_feat_pillars, nrook_campfire, chequers_big_river
D:4:      layout_basic, amcnicky_altar_gilded, grunt_temple_overflow_open,
          portal_sewer_entry_d, uniq_pargi
D:5:      layout_cave_pods, nicolae_stop_n_shop_1,
          nicolae_shop_distant_corner_stores, grunt_decor_arrowhead,
          item_on_display_b
D:6:      layout_gridville, nicolae_ru_great_annihilating_truth,
          kennysheep_mini_moat, uniq_duvessa
D:7:      layout_gridville, nicolae_elyvilon_temple_path,
          nicolae_ashenzari_panopticon, minmay_temple_entry_offerings
D:8:      layout_loops_cross, mainiacjoe_overflow_alcove_1, serial_shops,
          nicolae_shop_hallway_plus
D:9:      layout_loops_cross, nicolae_overflow_crystal_walls, marbit_many_paths,
          enter_bailey_2, gammafunk_ghost_smash
D:10:     layout_loops_ring, kennysheep_little_box, tso_altar, tgw_trog,
          sword_in_stone
D:11:     layout_gridville, serial_shops, nicolae_shop_statue_plus,
          onia_ninara_dug_in_and_dangerous
D:12:     layout_gridville, orc_david_3, serial_bayou_pond_a
D:13:     cheibrodos_tormentor_scu, layout_cave_pools,
          ximxim_vaults_locker_room, uniq_nessos, uniq_urug
D:14:     layout_gridville, minmay_misc_feat_doors
D:15:     grunt_enter_depths_snipers, layout_cross, grunt_dithmenos_smoke,
          serial_park_tiny_2
Lair:1:   layout_small_grid
Lair:2:   layout_cave_pods, st_stairs_3
Lair:3:   layout_loops_ring, elwin_shoals_entry_stream,
          spider_nest_entry_web_field, kennysheep_snail_temple
Lair:4:   layout_gridlike, slime_entry_1, serial_bayou_shore_b
Lair:5:   hellmonk_lair_end_abyssal_woods, layout_hall_layers,
          portal_ice_cave_entry_animals_and_master, gauntlet_entry_generic,
          dpeg_oklob_1
Shoals:1: layout_shoals, nicolae_shoals_nautilus_by_nature, uniq_mlioglotl,
          uniq_jorgrun, uniq_nikola
Shoals:2: layout_shoals, serial_shops, shop_coins
Shoals:3: layout_shoals, gammafunk_ghost_grave, nicolae_shoals_bring_sunscreen
Shoals:4: shoals_end_hellmonk_lost_city, uniq_donald
Spider:1: layout_cave_pods
Spider:2: layout_spider_delve, nicolae_arachne_temple
Spider:3: layout_spider_delve, drop_trap, uniq_azrael, uniq_louise
Spider:4: guppyfry_spider_rune
Orc:1:    layout_caves, serial_shops, nicolae_shop_waterfront,
          nicolae_square_shop, nicolae_shop_rolled_up, shop, shop, uniq_harold
Orc:2:    st_orc_mages, layout_diamond_mine
Elf:1:    eino_elf_arrival_the_gate, layout_geoelf_diagonals, serial_shops,
          shop, nicolae_elf_theology_debate, hellmonk_guarded_unrand_damnation,
          uniq_frances
Vaults:1: hangedman_vaults_trim, v_misc_29, ontoclasm_vaults_spin,
          vaults_dpeg_spiral, vaults_room_large_hall, v_misc_5,
          vaults_standard_mumra_x, hangedman_vaults_trim,
          nicolae_vaults_trapezoid_2, nicolae_vaults_trapezoid_3,
          nicolae_vaults_diagonal_hallway_8, vaults_mumra_chevron_long,
          layout_vaults_omnicross, uniq_asterion
Vaults:2: minmay_crypt_entry_necro_gods, nicolae_vaults_big_angled_halls,
          vaults_room_ringed_pool, nicolae_vaults_little_squares_5,
          ontoclasm_vaults_shout, nicolae_vaults_little_ls, grunt_vaults_funnel,
          vaults_dpeg_ring, layout_vaults_omnigrid, serial_shops, shop
Vaults:3: nzn_ghost_randoct, hangedman_vaults_cutoff, st_quartered_hall,
          v_pattern_1, nicolae_vaults_closet_pinwheel_3,
          nicolae_vaults_windows_and_doors_thing, nicolae_vaults_wrenched,
          nicolae_vaults_house_1, nicolae_vaults_storage_closets_3,
          layout_vaults_maze, serial_shops, bzr_entry_islet
Vaults:4: v_misc_25, nicolae_vaults_little_squares_6, nicolae_vaults_tangram_2,
          nicolae_vaults_little_squares_1, v_misc_29, nicolae_vaults_diamond_1,
          nicolae_vaults_stand_back, ontoclasm_vaults_twist,
          nicolae_vaults_mini_display_case, nicolae_vaults_trapezoid_lopsided_3,
          nicolae_vaults_rhombus_5, nicolae_vaults_surprise_closet,
          nicolae_vaults_diamond_2, nicolae_vaults_storage_closets_2,
          ontoclasm_vaults_loading_screen, nicolae_vaults_shelves_hall,
          v_misc_5, layout_vaults_ring, serial_shops, bzr_entry_customers

Skill      XL: |  1  2  3  4  5  6  7  8  9 10 11 12 13 14 15 16 17 18 19 20 |
---------------+-------------------------------------------------------------+-----
Axes           | 4 5 6 8 9 11 13 15 16 18 19 | 19.7
Fighting       | 4 5 6 7 8 9 11 12 13 14 16 17 18 19 20 21 | 21.3
Armour         | 3 4 5 6 8 9 10 12 13 14 15 16 17 19 20 21 | 21.1
Shields        | 1 2 3 4 5 7 8 10 11 13 14 15 16 17 18 20 21 | 21.0
Evocations     | 3 7 10 12 14 15 | 15.9
Dodging        | |  2.8

Action                     |  1- 3 |  4- 6 |  7- 9 | 10-12 | 13-15 | 16-18 | 19-21 || total
---------------------------+-------+-------+-------+-------+-------+-------+-------++-------
  Melee: Hand axe          |    60 |     9 |       |       |     2 |       |       ||    71
         Headbutt          |    13 |     5 |    43 |    93 |   284 |   367 |   222 ||  1027
         War axe           |       |    69 |   247 |    98 |       |       |       ||   414
         Broad axe         |       |       |       |   324 |  1034 |  1260 |   673 ||  3291
 Invoke: Berserk           |       |     3 |     3 |     4 |     5 |     6 |     3 ||    24
         Trog's Hand       |       |       |       |       |       |       |     1 ||     1
    Use: Scroll            |       |    12 |     8 |     5 |     9 |     1 |     2 ||    37
         Potion            |       |       |       |       |       |     2 |     1 ||     3
   Stab: Paralysed         |       |       |     1 |       |       |       |       ||     1
 Armour: Animal skin       |    19 |       |       |       |       |       |       ||    19
         Leather armour    |    10 |       |       |       |       |       |       ||    10
         Chain mail        |       |    17 |       |       |       |       |       ||    17
         Plate armour      |       |    62 |   225 |   428 |   605 |  1046 |   442 ||  2808
  Dodge: Dodged            |    24 |    35 |    82 |   126 |   244 |   387 |   134 ||  1032
  Block: Buckler           |     2 |    12 |    82 |   221 |   532 |   747 |   339 ||  1935
         Reflection        |       |       |     1 |     6 |    17 |    72 |    37 ||   133

Table legend: (Time is in decaauts)
 A = Elapsed time spent in this place.
 B = Non-inter-level travel time spent in this place.
 C = Inter-level travel time spent in this place.
 D = Time resting spent in this place.
 E = Time spent auto-exploring this place.
 F = Levels seen in this place.
 G = Mean time per level.
                   A        B        C        D        E       F      G
               +--------+--------+--------+--------+--------+-----+--------+
         Total |  52848 |  47037 |   5811 |  15381 |  24675 |  41 | 1289.0 |
       Dungeon |  17643 |  15738 |   1905 |   4093 |   9758 |  15 | 1176.2 |
          Lair |   6212 |   5541 |    671 |    998 |   3540 |   5 | 1242.4 |
        Shoals |   5947 |   5114 |    833 |   1395 |   2899 |   4 | 1486.8 |
   Spider Nest |   7787 |   7320 |    467 |   4232 |   2008 |   4 | 1946.8 |
  Orcish Mines |   2633 |   2368 |    265 |    836 |   1248 |   2 | 1316.5 |
   Elven Halls |   2544 |   1965 |    579 |    961 |    644 |   1 | 2544.0 |
        Vaults |   7788 |   6701 |   1087 |   1691 |   4139 |   4 | 1947.0 |
        Bazaar |    817 |    817 |      0 |    506 |    177 |   2 |  408.5 |
         Sewer |    169 |    169 |      0 |     74 |     41 |   1 |  169.0 |
        Bailey |    353 |    353 |      0 |    158 |     76 |   1 |  353.0 |
      Ice Cave |    207 |    207 |      0 |      0 |      6 |   1 |  207.0 |
      Gauntlet |    742 |    742 |      0 |    434 |    138 |   1 |  742.0 |
               +--------+--------+--------+--------+--------+-----+--------+

Top non-repeatable levels by time:
   Elf:1: 2544 daAuts
    D:13: 2351 daAuts
Vaults:2: 2306 daAuts
Spider:4: 2230 daAuts
Vaults:1: 2094 daAuts
Spider:3: 2045 daAuts
   Orc:2: 1888 daAuts
Spider:2: 1772 daAuts
Spider:1: 1739 daAuts
Shoals:3: 1739 daAuts
Vaults:4: 1736 daAuts
Shoals:4: 1692 daAuts
Vaults:3: 1651 daAuts
  Lair:5: 1614 daAuts
     D:5: 1493 daAuts
